 Dungeon Crawl Stone Soup version 0.24.0-28-g17ded55e90 (webtiles) character file.

Game seed: 13722884141180783264, levelgen mode: deterministic

6278 Nattfarinn the Destroyer (level 10, -6/111 HPs)
             Began as an Ogre Conjurer on Nov 12, 2019.
             Was a Follower of Vehumet.
             Mangled by Grum
             ... wielding a +0 glaive
              (25 damage)
             ... on level 9 of the Dungeon.
             The game lasted 00:31:09 (12072 turns).

Nattfarinn the Destroyer (Ogre Conjurer)           Turns: 12072, Time: 00:31:10

Health: -6/111     AC:  8    Str: 14      XL:     10   Next: 94%
Magic:  13/23      EV:  9    Int: 19      God:    Vehumet [*.....]
Gold:   398        SH:  0    Dex:  4 (7)  Spells: 16/27 levels left

rFire    . . .     SeeInvis +   f - +1 short sword (venom)
rCold    . . .     Gourm    +   (no shield)
rNeg     . . .     Faith    .   a - +1 robe
rPois    +         Spirit   .   (helmet restricted)
rElec    .         Reflect  .   w - +0 cloak of Tulips {rPois Dex-2 SInv} (curse)
rCorr    .         Harm     .   (gloves unavailable)
MR       +....                  (boots unavailable)
Stlth    +.........             p - amulet of the gourmand
HPRegen  0.28/turn              r - +3 ring of protection
MPRegen  0.18/turn              (no ring)

@: no status effects
A: large, unfitting armour, tough skin 1
a: Renounce Religion


You were on level 9 of the Dungeon.
You worshipped Vehumet.
Vehumet was aware of your devotion.
You were completely stuffed.

You visited 2 branches of the dungeon, and saw 10 of its levels.

You collected 398 gold pieces.

Inventory:

Hand Weapons
 f - a +1 short sword of venom (weapon)
Armour
 a - a +1 robe (worn)
 q - a +2 cloak
 w - the cursed +0 cloak of Tulips (worn) {rPois Dex-2 SInv}
   (You found it on level 8 of the Dungeon)

   It affects your dexterity (-2).
   It protects you from poison.
   It lets you see invisible.
   It has a curse placed upon it.
Jewellery
 d - an uncursed ring of see invisible {unknown}
 l - a cursed amulet of inaccuracy {unknown}
 o - an uncursed amulet of the acrobat
 p - an amulet of the gourmand (around neck)
 r - a +3 ring of protection (left hand)
Wands
 i - a wand of random effects (40)
 z - a wand of flame (11)
Scrolls
 e - 2 scrolls of remove curse
 g - a scroll of fog
 m - a scroll of vulnerability {unknown}
 t - 3 scrolls of teleportation {unknown}
 v - 2 scrolls of identify
 y - 2 scrolls of fear {unknown}
 A - a scroll of amnesia
 B - a scroll of enchant weapon {unknown}
 D - a scroll of random uselessness {unknown}
 E - a scroll of magic mapping {unknown}
Potions
 b - 3 potions of curing
 h - a potion of lignification {unknown}
 j - 2 potions of agility
 k - a potion of flight {unknown}
 n - 3 potions of heal wounds {unknown}
 s - a potion of brilliance {unknown}
 u - a potion of degeneration {unknown}
 x - a potion of haste
Comestibles
 c - 19 rations
 C - 2 chunks of flesh


   Skills:
 + Level 10.4 Fighting
 - Level 1.7 Dodging
 - Level 1.4 Stealth
 + Level 9.2 Spellcasting
 * Level 11.0 Conjurations


You had 16 spell levels left.
You knew the following spells:

 Your Spells              Type           Power        Failure   Level  Hunger
a - Magic Dart            Conj           ####         1%          1    None
b - Searing Ray           Conj           ######       1%          2    None
c - Iskenderun's Mystic   Conj           ######..     1%          4    ###....
d - Fulminant Prism       Conj/Hex       ####......   9%          4    ###....

Your spell library contained the following spells:

 Spells                   Type           Power        Failure   Level  Hunger
 Freeze                   Ice            #...         9%          1    None
 Dazzling Spray           Conj/Hex       ####..       2%          3    None
 Summon Small Mammal      Summ           #...         9%          1    None
 Force Lance              Conj/Tloc      ####....     9%          4    ###....
 Call Imp                 Summ           #.......     12%         2    None
 Call Canine Familiar     Summ           #.......     24%         3    None
 Summon Guardian Golem    Hex/Summ       #.......     24%         3    None
 Summon Ice Beast         Ice/Summ       #.......     63%         4    ###....
 Summon Lightning Spire   Summ/Air       #.......     63%         4    ###....


Dungeon Overview and Level Annotations

Branches:
Dungeon (9/15)             Temple (1/1) D:7
   Lair: D:8-11         Orc: D:9-12

Altars:
Cheibriados
Nemelex Xobeh
Qazlal
Sif Muna
Trog
Uskayaw
Vehumet
Xom

Shops:
D:7 !   D:9 (

Annotations:
D:3 1 runed translucent door, Crazy Yiuf
D:9 Grum


Innate Abilities, Weirdness & Mutations

You are too large for most types of armour.
You have tough skin. (AC +1)


Message History

Aiming: Magic Dart (safe; 1% risk of failure)
Press: ? - help, Shift-Dir - straight line, f - wolf
Aim: a wolf The magic dart hits the wolf!
The wolf is moderately wounded.
The wolf barely misses you. The wolf bites you. The wolf barely misses you.
Grum closely misses you.
Casting: Magic Dart (safe; 1% risk of failure)
Confirm with . or Enter, or press ? or * to list all spells.
Aiming: Magic Dart (safe; 1% risk of failure)
Press: ? - help, Shift-Dir - straight line, f/p - wolf
Aim: a wolf (moderately wounded)
The magic dart hits the wolf.
The wolf is heavily wounded.
The wolf closely misses you. The wolf bites you. The wolf bites you!
* * * LOW HITPOINT WARNING * * *
The wolf bites you!
* * * LOW HITPOINT WARNING * * *
Grum hits you from afar with a +0 glaive!!
You die...

####### ##### #.....#
....# ######.....######
####### ....#
#....†.....'....# #.....#
....#
#.####....(####.###.....#
....###.# #.....#
#...#.....# ....'...#
#.....# ###.#.....#
....##### #.....#
#.#.....# ....# #...h@#
#.#.....# ....# #....h#
#.'.....# ...÷# #...g.#
###.....# #'### #.....#
#.....# #.# #.....#
##+#### #.# #.....# #.#
#.# #..#### #.# ..# ..#
#.# +## #.#


You could see Grum and 2 wolves.

Vanquished Creatures
  2 two-headed ogres
  An unseen horror (D:9)
  Pikel (D:6)
  Joseph (D:7)
  Prince Ribbit (D:9)
  A spriggan (D:7)
  Duvessa (D:7)
  2 orc warriors
  3 ice beasts
  3 sky beasts
  A slave (D:6)
  2 phantoms
  A wolf (D:9)
  3 centaurs
  4 ogres
  A big kobold (D:9)
  Blork the orc (D:6)
  4 bullfrogs
  Dowan (D:7)
  A water moccasin skeleton (D:8)
  A scorpion (D:6)
  A howler monkey (D:5)
  3 crimson imps
  A bullfrog zombie (D:7)
  3 hounds
  A quasit (D:9)
  A bullfrog skeleton (D:5)
  A jelly (D:8)
  7 orc priests
  6 orc wizards
  3 iguanas
  5 worker ants
  A hound zombie (D:5)
  A hound skeleton (D:6)
  A worker ant zombie (D:8)
  2 gnolls
  11 adders
  An adder skeleton (D:4)
  4 worms
  2 dart slugs
  3 leopard geckos
  16 orcs
  7 bats
  3 giant cockroaches
  6 goblins
  9 hobgoblins
  14 jackals
  3 quokkas
  A ball python (D:3)
  A frilled lizard (D:3)
  10 kobolds
  8 rats
  A butterfly (D:6)
  A fulminant prism (D:7)
174 creatures vanquished.

Vanquished Creatures (others)
  2 slaves (D:7)
  A hound (D:7)
  A butterfly (D:6)
  11 fulminant prisms
15 creatures vanquished.

Grand Total: 189 creatures vanquished

Notes
Turn   | Place    | Note
-------+----------+-------------------------------------------
     0 | D:1      | Nattfarinn the Ogre Conjurer began the quest for the Orb.
     0 | D:1      | Reached XP level 1. HP: 16/16 MP: 3/3
     0 | D:1      | Noticed an orb of fire
     2 | D:1      | Noticed a tentacled monstrosity
     2 | D:1      | Noticed an ice dragon
     4 | D:1      | Noticed a yellow draconian
     8 | D:1      | Noticed an orb of fire
    10 | D:1      | Noticed a large abomination
    12 | D:1      | Noticed a tentacled monstrosity
    14 | D:1      | Noticed an ice dragon
    16 | D:1      | Noticed a shadow dragon
    18 | D:1      | Noticed an iron dragon
    20 | D:1      | Noticed a shadow dragon
   355 | D:1      | Reached skill level 1 in Fighting
   355 | D:1      | Reached XP level 2. HP: 23/27 MP: 0/5
   840 | D:1      | Reached skill level 4 in Conjurations
  1163 | D:2      | Reached XP level 3. HP: 25/33 MP: 0/7
  1695 | D:2      | Reached XP level 4. HP: 40/42 MP: 0/8
  2310 | D:3      | Found a faded altar of an unknown god.
  2590 | D:3      | Found a snail-covered altar of Cheibriados.
  2644 | D:3      | Found a runed translucent door.
  2645 | D:3      | Noticed Crazy Yiuf
  2690 | D:3      | Reached XP level 5. HP: 50/50 MP: 0/10
  3014 | D:4      | Noticed an ogre
  3025 | D:4      | Killed an ogre
  3025 | D:4      | Reached skill level 5 in Conjurations
  3600 | D:4      | Reached XP level 6. HP: 48/61 MP: 3/12
  3909 | D:5      | Entered Level 5 of the Dungeon
  4303 | D:5      | Reached XP level 7. HP: 70/70 MP: 8/13
  4554 | D:5      | Reached skill level 6 in Conjurations
  4714 | D:4      | Learned a level 2 spell: Searing Ray
  5244 | D:6      | Noticed Blork the orc
  5248 | D:6      | Reached skill level 5 in Fighting
  5248 | D:6      | Reached skill level 5 in Spellcasting
  5270 | D:5      | Learned a level 4 spell: Iskenderun's Mystic Blast
  5441 | D:6      | Found a shimmering altar of Xom.
  5541 | D:6      | Reached XP level 8. HP: 81/81 MP: 5/16
  5668 | D:6      | Killed Blork the orc
  5668 | D:6      | Reached skill level 7 in Conjurations
  7092 | D:7      | Found Tora's Distillery.
  7108 | D:7      | Noticed Dowan
  7111 | D:7      | Noticed Duvessa
  7112 | D:7      | Killed Dowan
  7329 | D:7      | Noticed Pikel
  7433 | D:6      | Killed Pikel
  7433 | D:6      | Reached skill level 8 in Conjurations
  7433 | D:6      | Reached XP level 9. HP: 48/93 MP: 17/19
  7692 | D:7      | Killed Duvessa
  7830 | D:7      | Found a staircase to the Ecumenical Temple.
  7839 | Temple   | Entered the Ecumenical Temple
  7848 | Temple   | Became a worshipper of Vehumet
  8111 | D:7      | Reached skill level 9 in Conjurations
  8173 | D:7      | Noticed Joseph
  8195 | D:7      | Killed Joseph
  8524 | D:7      | Noticed a two-headed ogre
  8541 | D:7      | Killed a two-headed ogre
  8541 | D:7      | Reached XP level 10. HP: 27/107 MP: 10/22
  9025 | D:7      | Learned a level 4 spell: Fulminant Prism
  9130 | D:7      | Reached skill level 10 in Conjurations
 10010 | D:8      | Got a spiked cloak
 10021 | D:8      | Identified the cursed +0 cloak of Tulips {rPois Dex-2 SInv}
                  | (You found it on level 8 of the Dungeon)
 10101 | D:8      | Noticed a two-headed ogre
 10335 | D:8      | Killed a two-headed ogre
 10973 | D:8      | Reached * piety under Vehumet
 10973 | D:8      | Offered knowledge of Freeze by Vehumet.
 11346 | D:9      | Noticed an unseen horror
 11574 | D:9      | Noticed Prince Ribbit
 11583 | D:9      | Killed an unseen horror
 11583 | D:9      | Reached skill level 10 in Fighting
 11613 | D:9      | Killed Prince Ribbit
 11885 | D:9      | Found Jumpicui's Antique Weapon Shoppe.
 11936 | D:9      | Reached skill level 11 in Conjurations
 12063 | D:9      | Noticed Grum
 12072 | D:9      | Mangled by Grum

Levels and vault maps discovered:
D:1:      shiori_arrival_whats_in_store_for_you, layout_basic,
          minmay_misc_feat_plants
D:2:      layout_basic, cheibrodos_gnoll_hut
D:3:      layout_rooms, chequers_ecumenical_altar_simple_redux,
          cheibriados_altar_1, uniq_crazy_yiuf_cottage
D:4:      layout_cave_pods
D:5:      layout_loops_cross, first_ration
D:6:      minmay_chambers_of_fours, layout_basic, xom_butterflies,
          uniq_blork_the_orc
D:7:      layout_gridville, minmay_temple_entry_proselytizer, serial_shops,
          nicolae_shop_waterfront, the_bakery, chequers_serial_rivers_small_a,
          glass_columns_a, sigmund_army, uniq_joseph, uniq_pikel, uniq_duvessa
D:8:      layout_layer_cave
D:9:      layout_roguey, serial_shops, shop_statue, uniq_grum,
          uniq_prince_ribbit1, uniq_maurice
Temple:   nicolae_temple_the_god_donut

Skill      XL: |  1  2  3  4  5  6  7  8  9 10 |
---------------+-------------------------------+-----
Fighting       | 1 2 3 4 5 7 9 10 | 10.4
Conjurations   | 4 5 6 8 9 11 | 11.0
Spellcasting   | 3 4 5 6 8 9 |  9.2
Dodging        | |  1.7
Stealth        | |  1.4

Action                   |  1- 3 |  4- 6 |  7- 9 | 10-12 || total
-------------------------+-------+-------+-------+-------++-------
Melee: Club              |    20 |       |       |       ||    20
       Unarmed           |     1 |       |       |       ||     1
       Spear             |    60 |       |       |       ||    60
       Dagger            |     1 |    38 |     8 |       ||    47
       Short sword       |       |       |   171 |   115 ||   286
 Cast: Magic Dart        |    34 |   159 |   155 |   134 ||   482
       Iskenderun's Myst |       |       |    24 |     3 ||    27
       Fulminant Prism   |       |       |       |    12 ||    12
  Use: Scroll            |     3 |     4 |     5 |     1 ||    13
       Potion            |       |       |     3 |       ||     3
 Stab: Sleeping          |     1 |     1 |     1 |     1 ||     4
  Eat: Chunk             |     3 |    22 |    16 |    13 ||    54
Armor: Robe              |    27 |    18 |   104 |   106 ||   255
Dodge: Dodged            |    44 |    31 |   122 |   107 ||   304
